 Dungeon Crawl Stone Soup version 0.18.1-47-g9310371 (webtiles) character file.

79 Gargoyl the Skirmisher (level 4, -2/37 HPs)
             Began as a Demonspawn Abyssal Knight on June 17, 2016.
             Was a Believer of Lugonu.
             Slain by a scorpion (3 damage)
             ... on level 4 of the Dungeon.
             The game lasted 00:06:00 (2723 turns).

Gargoyl the Skirmisher (Demonspawn Abyssal Knight)  Turns: 2723, Time: 00:06:00

Health: -2/37      AC: 10    Str: 14    XL:     4   Next: 16%
Magic:  5/5        EV:  3    Int: 13    God:    Lugonu [**....]
Gold:   168        SH:  0    Dex: 12    Spells: 0 memorised, 3 levels left

rFire  + . .     SeeInvis .     a - +1 hand axe
rCold  + . .     Gourm    .     l - +0 plate armour
rNeg   . . .     Faith    .     (no shield)
rPois  +         Spirit   .     (no helmet)
rElec  +         Dismiss  .     (no cloak)
rCorr  +         Reflect  .     (no gloves)
SustAt .         Harm     .     (no boots)
MR     .....                    (no amulet)
Stlth  ..........               (no ring)
                                (no ring)

@: resistant, very slightly contaminated, hasted, drained, very quick, not
resistant to hostile enchantments, extremely unstealthy
A: claws 1, powered by death 1
a: Depart the Abyss, Bend Space, Renounce Religion


You were on level 4 of the Dungeon.
You worshipped Lugonu.
Lugonu was pleased with you.
You were not hungry.

You visited 1 branch of the dungeon, and saw 4 of its levels.
You visited the Abyss 1 time.

You collected 168 gold pieces.

Inventory:

Hand Weapons
 a - a +1 hand axe (weapon)
Missiles
 q - 8 tomahawks (quivered)
Armour
 l - a +0 plate armour (worn)
Wands
 v - a wand of digging (7/24)
Scrolls
 b - 2 scrolls of remove curse
 d - a scroll of enchant armour
 e - a scroll of fog
 g - 3 scrolls of identify
 k - a scroll of magic mapping {unknown}
 r - a scroll of teleportation {unknown}
 s - a scroll of enchant weapon {unknown}
Potions
 f - 2 potions of resistance
 n - a potion of cancellation {unknown}
 o - a potion of lignification {unknown}
 t - a potion of mutation {unknown}
 w - a potion of brilliance {unknown}
Comestibles
 c - 5 bread rations
 h - 2 slices of pizza
 i - a beef jerky
 u - a meat ration


   Skills:
 + Level 3.8(2.8) Fighting
 + Level 2.4(1.4) Axes
 * Level 2.5(1.6) Armour
 + Level 1.3(0.4) Dodging
 + Level 2.6(1.6) Invocations


You had 3 spell levels left.
You didn't know any spells.

Dungeon Overview and Level Annotations

Branches:
Dungeon (4/15)
 Temple: D:4-7

Altars:
Fedhas
Gozag
Pakellas
Sif Muna
Yredelemnul


Innate Abilities, Weirdness & Mutations

You have sharp fingernails.
You regenerate a little health from kills.


Message History

The scorpion stings you but does no damage.
Drink which item? (? for menu, Esc to quit)
You feel better.
The scorpion stings you but does no damage.
You hit the scorpion.
The scorpion is almost dead.
The scorpion stings you.
* * * LOW HITPOINT WARNING * * *
Your plate armour prevents you from hitting the scorpion.
The scorpion is almost dead.
The scorpion stings you.
* * * LOW HITPOINT WARNING * * *
Drink which item? (? for menu, Esc to quit)
It was a potion of haste.
You feel yourself speed up. The scorpion stings you.
* * * LOW HITPOINT WARNING * * *
You are very lightly contaminated with residual magic.
Your plate armour prevents you from hitting the scorpion.
The scorpion is almost dead.
The scorpion stings you.
You die...

##.### ..... ....^####
#...# ........# #...#
........### #...#
..#.....(.######...#####
..#.#.#.#.#.............
.....###......>........[
......#.#.#.<...........
.##....#..######@..#####
.......#..# #s..#
####..##.## #...#
##...## #...# #####.##
#...# #.....# ##.##
##<##### .. ...# $. ####


You could see a scorpion.

Vanquished Creatures
  An adder (D:2)
  A gnoll (D:1)
  2 dart slugs
  2 giant geckos
  5 giant cockroaches
  8 goblins
  8 hobgoblins
  6 kobolds
  9 bats
  3 giant newts
  4 rats
49 creatures vanquished.

Notes
Turn   | Place    | Note
--------------------------------------------------------------
     0 | Abyss:1  | Gargoyl the Demonspawn Abyssal Knight began the quest for the Orb.
     0 | Abyss:1  | Reached XP level 1. HP: 18/18 MP: 2/2
    32 | Abyss:1  | Found a corrupted altar of Lugonu.
   124 | Abyss:1  | Noticed a red devil
   131 | Abyss:1  | Noticed a bone dragon
   149 | Abyss:1  | Noticed a spatial vortex
   156 | D:1      | Escaped the Abyss
   350 | D:1      | Reached * piety under Lugonu
   350 | D:1      | Gained mutation: You have sharp fingernails. [demonic ancestry]
   350 | D:1      | Reached XP level 2. HP: 16/24 MP: 3/3
   566 | D:1      | Reached skill level 1 in Dodging
   778 | D:1      | Reached XP level 3. HP: 29/29 MP: 4/4
  1126 | D:2      | Found a deep blue altar of Sif Muna.
  1225 | D:2      | Reached ** piety under Lugonu
  1515 | D:2      | Gained mutation: You regenerate a little health from kills. [demonic ancestry]
  1515 | D:2      | Reached XP level 4. HP: 27/37 MP: 5/5
  1862 | D:3      | Found a blossoming altar of Fedhas.
  1881 | D:3      | Found an opulent altar of Gozag.
  1891 | D:3      | Found an oddly glowing altar of Pakellas.
  1905 | D:3      | Found a basalt altar of Yredelemnul.
  2722 | D:4      | HP: 1/37 [scorpion (1)]
  2723 | D:4      | Slain by a scorpion

Skill      XL: |  1  2 |
---------------+-------+-----
Axes           | 2 |  2.4
Dodging        | 1 |  1.3
Armour         | 2 |  2.5
Fighting       | |  3.8
Invocations    | |  2.6

Action                   |  1- 3 |  4- 6 || total
-------------------------+-------+-------++-------
Melee: Hand axe          |   185 |    39 ||   224
Invok: Depart the Abyss  |     1 |       ||     1
  Use: Scroll            |     3 |       ||     3
       Potion            |       |     4 ||     4
  Eat: Chunk             |     2 |     2 ||     4
       Fruit             |       |     4 ||     4
Armor: Chain mail        |    39 |       ||    39
       Plate armour      |   152 |    28 ||   180
Dodge: Dodged            |    38 |     6 ||    44
